PL
DETROIT RENAISSANCE @ RICHARDSON CITY THUNDERCATS
05/30/2028
 
TOP OF THE 1ST
Detroit Renaissance batting - Pitching for Richardson City Thundercats : RHP Edward Whipp
Pitching: RHP Edward Whipp
Batting: LHB Greg Robinson 0-0: Ball
1-0: Called Strike
1-1: Ball
2-1: Foul Ball, location: 2F
2-2: Foul Ball, location: 2F
2-2: Ground out 3-1 (Groundball, 34)
Batting: RHB Eric D'Angle 0-0: Foul Ball, location: 2F
0-1: Ball
1-1: Called Strike
1-2: DOUBLE (Flyball, 78D)
Batting: LHB Gustavo Cortéz 0-0: Ball
1-0: Called Strike
1-1: Called Strike
1-2: Foul Ball, location: 2F
1-2: Ground out U3 (Groundball, 3)
Eric D'Angle to third
Batting: SHB Valentín Guzmán 0-0: Ball
1-0: Ground out 4-3 (Groundball, 4)
Top of the 1st over - 0 run(s), 1 hit(s), 0 error(s), 1 left on base; Detroit 0 - Richardson City 0
BOTTOM OF THE 1ST
Richardson City Thundercats batting - Pitching for Detroit Renaissance : RHP Cris Mendoza
Pitching: RHP Cris Mendoza
Batting: SHB Mitch Qualtrough 0-0: Ball
1-0: Ball
2-0: Called Strike
2-1: Called Strike
2-2: Ball
3-2: Strikes out swinging
Batting: LHB Fernando Ramírez 0-0: Swinging Strike
0-1: Foul Ball, location: 2F
0-2: Strikes out swinging
Batting: RHB Louis Gibbons 0-0: Ball
1-0: Ball
2-0: Foul Ball, location: 2F
2-1: Ground out 6-3 (Groundball, 6)
Bottom of the 1st over - 0 run(s), 0 hit(s), 0 error(s), 0 left on base; Detroit 0 - Richardson City 0
TOP OF THE 2ND
Detroit Renaissance batting - Pitching for Richardson City Thundercats : RHP Edward Whipp
Batting: RHB John Downing 0-0: Ball
1-0: Foul Ball, location: 2F
1-1: Foul Ball, location: 2F
1-2: Foul Ball, location: 2F
1-2: Ball
2-2: SINGLE (Groundball, 56D)
Batting: RHB Bernardo Herrera 0-0: Ball
1-0: DOUBLE (Line Drive, 8LXD)
John Downing to third
Batting: RHB Brent Ryan 0-0: Foul Ball, location: 2F
0-1: Fly out, F8 (Flyball, 78S)
Batting: RHB Ludwig Kluge 0-0: Ball
1-0: Called Strike
1-1: SINGLE (Line Drive, 6MD)
John Downing scores
Bernardo Herrera to third
Runner from 3rd tries for Home, SAFE, no throw
Batting: RHB Kenneth Noid 0-0: Ball
1-0: Called Strike
1-1: SINGLE (Groundball, 6D)
Ludwig Kluge to second
Batting: LHB Greg Robinson 0-0: Called Strike
0-1: Ball
Ludwig Kluge steals 3rd base
Kenneth Noid to second
1-1: Ball
2-1: Fly out, F9 (Flyball, 89M)
Runner from 3rd tags up, SCORES, no throw
Batting: RHB Eric D'Angle 0-0: Swinging Strike
0-1: Called Strike
0-2: Fly out, F3 (Popup, 3D)
Top of the 2nd over - 3 run(s), 4 hit(s), 0 error(s), 1 left on base; Detroit 3 - Richardson City 0
BOTTOM OF THE 2ND
Richardson City Thundercats batting - Pitching for Detroit Renaissance : RHP Cris Mendoza
Batting: RHB Pedro Castillo 0-0: Ball
1-0: Ball
2-0: Foul Ball, location: 2F
2-1: Foul Ball, location: 2F
2-2: DOUBLE (Line Drive, 7LM)
Batting: LHB Carroll Martin 0-0: Called Strike
0-1: Ball
1-1: DOUBLE (Line Drive, 89D)
Pedro Castillo scores
Batting: RHB Tomás Martínez 0-0: Foul Ball, location: 2F
0-1: Ball
1-1: Foul Ball, location: 2F
1-2: Strikes out swinging
Batting: LHB Terrence Eler 0-0: SINGLE (Flyball, 7S)
Carroll Martin to third
Runner from 3rd tries for Home, SAFE, throw made home
Batting: RHB Bruce Ingilby 0-0: Reached on error, E4 (Groundball, 4)
Terrence Eler to second
Batting: RHB Joey Jones 0-0: Foul Ball, location: 2F
0-1: Called Strike
0-2: Foul Ball, location: 2F
0-2: Ball
1-2: Grounds into double play, 4-6-3 (Groundball, 4)
Bottom of the 2nd over - 2 run(s), 3 hit(s), 1 error(s), 1 left on base; Detroit 3 - Richardson City 2
TOP OF THE 3RD
Detroit Renaissance batting - Pitching for Richardson City Thundercats : RHP Edward Whipp
Batting: LHB Gustavo Cortéz 0-0: Called Strike
0-1: Ball
1-1: SINGLE (Groundball, 4MD)
Batting: SHB Valentín Guzmán 0-0: Foul Ball, location: 2F
0-1: Ball
1-1: Fly out, F9 (Flyball, 9S)
Batting: RHB John Downing 0-0: Ball
1-0: Swinging Strike
1-1: Ball
2-1: Foul Ball, location: 2F
2-2: Ball
3-2: Base on Balls
Gustavo Cortéz to second
Batting: RHB Bernardo Herrera 0-0: Ball
1-0: Fly out, F6 (Line Drive, 6)
Batting: RHB Brent Ryan 0-0: Called Strike
0-1: Ball
1-1: DOUBLE (Line Drive, 7LS)
Gustavo Cortéz scores
John Downing to third
Batting: RHB Ludwig Kluge 0-0: DOUBLE (Flyball, 8LXD)
John Downing scores
Brent Ryan scores
Pitching: LHP Armando Gonzáles
Batting: RHB Kenneth Noid 0-0: Swinging Strike
0-1: Foul Ball, location: 2F
0-2: Strikes out swinging
Top of the 3rd over - 3 run(s), 3 hit(s), 0 error(s), 1 left on base; Detroit 6 - Richardson City 2
BOTTOM OF THE 3RD
Richardson City Thundercats batting - Pitching for Detroit Renaissance : RHP Cris Mendoza
Batting: SHB Mitch Qualtrough 0-0: Called Strike
0-1: Ball
1-1: Ball
2-1: Called Strike
2-2: Ball
3-2: Fly out, F8 (Flyball, 78M)
Batting: LHB Fernando Ramírez 0-0: Ball
1-0: Called Strike
1-1: Foul Ball, location: 2F
1-2: Foul Ball, location: 2F
1-2: Ball
2-2: Ball
3-2: Base on Balls
Batting: RHB Louis Gibbons 0-0: Swinging Strike
0-1: Swinging Strike
0-2: Ball
1-2: Strikes out swinging
Batting: RHB Pedro Castillo 0-0: Ball
1-0: Fly out, F9 (Flyball, 9S)
Bottom of the 3rd over - 0 run(s), 0 hit(s), 0 error(s), 1 left on base; Detroit 6 - Richardson City 2
TOP OF THE 4TH
Detroit Renaissance batting - Pitching for Richardson City Thundercats : LHP Armando Gonzáles
Batting: LHB Greg Robinson 0-0: Ball
1-0: Foul Ball, location: 2F
1-1: Foul Ball, location: 2F
1-2: SINGLE (Groundball, 6MD)
Batting: RHB Eric D'Angle 0-0: Grounds into double play, 5-4-3 (Groundball, 5L)
Batting: LHB Gustavo Cortéz 0-0: Called Strike
0-1: Swinging Strike
0-2: Strikes out looking
Top of the 4th over - 0 run(s), 1 hit(s), 0 error(s), 0 left on base; Detroit 6 - Richardson City 2
BOTTOM OF THE 4TH
Richardson City Thundercats batting - Pitching for Detroit Renaissance : RHP Cris Mendoza
Batting: LHB Carroll Martin 0-0: Called Strike
0-1: Ball
1-1: Foul Ball, location: 2F
1-2: Foul Ball, location: 2F
1-2: Ground out U3 (Groundball, 3)
Batting: RHB Tomás Martínez 0-0: Ball
1-0: Fly out, F6 (Popup, 6)
Batting: LHB Terrence Eler 0-0: Called Strike
0-1: Ball
1-1: Ball
2-1: Swinging Strike
2-2: SINGLE (Line Drive, 78S)
Batting: RHB Bruce Ingilby 0-0: Fielders Choice at 2nd, 5-4 (Groundball, 56)
Bottom of the 4th over - 0 run(s), 1 hit(s), 0 error(s), 0 left on base; Detroit 6 - Richardson City 2
TOP OF THE 5TH
Detroit Renaissance batting - Pitching for Richardson City Thundercats : LHP Armando Gonzáles
Batting: SHB Valentín Guzmán 0-0: Ball
1-0: Swinging Strike
1-1: Foul Ball, location: 2F
1-2: Ground out 5-3 (Groundball, 56)
Batting: RHB John Downing 0-0: Called Strike
0-1: Called Strike
0-2: Foul Ball, location: 2F
0-2: Foul Ball, location: 2F
0-2: Ball
1-2: Foul Ball, location: 2F
1-2: Ball
2-2: SINGLE (Line Drive, 6MD)
Batting: RHB Bernardo Herrera 0-0: Ball
1-0: Ball
2-0: Grounds into double play, 5-4-3 (Groundball, 5)
Top of the 5th over - 0 run(s), 1 hit(s), 0 error(s), 0 left on base; Detroit 6 - Richardson City 2
BOTTOM OF THE 5TH
Richardson City Thundercats batting - Pitching for Detroit Renaissance : RHP Cris Mendoza
Batting: RHB Joey Jones 0-0: Foul Ball, location: 2F
0-1: Ground out 4-3 (Groundball, 4)
Batting: SHB Mitch Qualtrough 0-0: Ball
1-0: Ground out 3-1 (Groundball, 34)
Batting: LHB Fernando Ramírez 0-0: Called Strike
0-1: SOLO HOME RUN (Flyball, 9LD), Distance : 340 ft
Batting: RHB Louis Gibbons 0-0: Called Strike
0-1: Ground out 5-3 (Groundball, 56)
Bottom of the 5th over - 1 run(s), 1 hit(s), 0 error(s), 0 left on base; Detroit 6 - Richardson City 3
TOP OF THE 6TH
Detroit Renaissance batting - Pitching for Richardson City Thundercats : LHP Armando Gonzáles
Batting: RHB Brent Ryan 0-0: Ball
1-0: Ball
2-0: SOLO HOME RUN (Flyball, 78XD), Distance : 410 ft
Batting: RHB Ludwig Kluge 0-0: Called Strike
0-1: Ball
1-1: Foul Ball, location: 2F
1-2: Foul Ball, location: 2F
1-2: Foul Ball, location: 2F
1-2: Foul Ball, location: 2F
1-2: SINGLE (Line Drive, 4M)
Pitching: RHP Juan Carlos Herrera
Batting: RHB Kenneth Noid 0-0: Ball
1-0: Bunted foul
1-1: Bunt missed!
1-2: Foul Ball, location: 2F
1-2: Ball
2-2: SINGLE (Groundball, 56D)
Ludwig Kluge to second
Batting: LHB Greg Robinson 0-0: Called Strike
0-1: Sac Bunt - play at first, batter OUT! 1-3
Ludwig Kluge to third
Kenneth Noid to second
Batting: RHB Eric D'Angle 0-0: Swinging Strike
0-1: Ball
1-1: Swinging Strike
1-2: Ground out 4-3 (Groundball, 4)
Ludwig Kluge scores
Kenneth Noid to third
Batting: LHB Gustavo Cortéz 0-0: Foul Ball, location: 2F
0-1: Ball
1-1: Foul Ball, location: 2F
1-2: Foul Ball, location: 2F
1-2: Ball
2-2: Ground out 4-3 (Groundball, 4)
Top of the 6th over - 2 run(s), 3 hit(s), 0 error(s), 1 left on base; Detroit 8 - Richardson City 3
BOTTOM OF THE 6TH
Richardson City Thundercats batting - Pitching for Detroit Renaissance : RHP Cris Mendoza
Batting: RHB Pedro Castillo 0-0: Ball
1-0: Ground out U3 (Groundball, 34)
Batting: LHB Carroll Martin 0-0: Foul Ball, location: 2F
0-1: Ball
1-1: Foul Ball, location: 2F
1-2: Ball
2-2: Strikes out looking
Batting: RHB Tomás Martínez 0-0: Fly out, F8 (Flyball, 8LD)
Bottom of the 6th over - 0 run(s), 0 hit(s), 0 error(s), 0 left on base; Detroit 8 - Richardson City 3
TOP OF THE 7TH
Detroit Renaissance batting - Pitching for Richardson City Thundercats : RHP Juan Carlos Herrera
Batting: SHB Valentín Guzmán 0-0: Ball
1-0: Called Strike
1-1: Called Strike
1-2: Strikes out swinging
Batting: RHB John Downing 0-0: Called Strike
0-1: Called Strike
0-2: Ball
1-2: Foul Ball, location: 2F
1-2: Ball
2-2: Ball
3-2: Foul Ball, location: 2F
3-2: SINGLE (Groundball, 4MD)
Pitching: RHP Juan Cruz
Batting: RHB Bernardo Herrera 0-0: Ball
1-0: DOUBLE (Flyball, 7D)
John Downing to third
Batting: RHB Brent Ryan 0-0: Called Strike
0-1: Ball
1-1: Ball
2-1: TRIPLE (Line Drive, 8LM)
John Downing scores
Bernardo Herrera scores
Batting: RHB Ludwig Kluge 0-0: Ball
1-0: Called Strike
1-1: Called Strike
1-2: Ball
2-2: Ground out 4-3 (Groundball, 4)
Brent Ryan scores
Batting: RHB Kenneth Noid 0-0: Called Strike
0-1: Called Strike
0-2: Strikes out swinging
Top of the 7th over - 3 run(s), 3 hit(s), 0 error(s), 0 left on base; Detroit 11 - Richardson City 3
BOTTOM OF THE 7TH
Richardson City Thundercats batting - Pitching for Detroit Renaissance : RHP Cris Mendoza
Batting: LHB Terrence Eler 0-0: Fly out, F8 (Flyball, 89D)
Batting: RHB Bruce Ingilby 0-0: Called Strike
0-1: Ball
1-1: Ball
2-1: Foul Ball, location: 2F
2-2: Strikes out looking
Batting: RHB Joey Jones 0-0: Fly out, F9 (Flyball, 9LMF)
Bottom of the 7th over - 0 run(s), 0 hit(s), 0 error(s), 0 left on base; Detroit 11 - Richardson City 3
TOP OF THE 8TH
Detroit Renaissance batting - Pitching for Richardson City Thundercats : RHP Juan Cruz
Batting: LHB Greg Robinson 0-0: Ball
1-0: Ball
2-0: Called Strike
2-1: Swinging Strike
2-2: Strikes out swinging
Batting: RHB Eric D'Angle 0-0: Ball
1-0: Called Strike
1-1: Fly out, F4 (Popup, 4)
Batting: LHB Gustavo Cortéz 0-0: Called Strike
0-1: Ball
1-1: Ground out 1-3 (Groundball, 13)
Top of the 8th over - 0 run(s), 0 hit(s), 0 error(s), 0 left on base; Detroit 11 - Richardson City 3
BOTTOM OF THE 8TH
Richardson City Thundercats batting - Pitching for Detroit Renaissance : RHP Cris Mendoza
Batting: SHB Mitch Qualtrough 0-0: Ball
1-0: Called Strike
1-1: Called Strike
1-2: Ball
2-2: Ball
3-2: Ground out U3 (Groundball, 3)
Batting: LHB Fernando Ramírez 0-0: Called Strike
0-1: Reached on error, E5 (Groundball, 56S)
Batting: RHB Louis Gibbons 0-0: Called Strike
0-1: Ball
1-1: Called Strike
1-2: Foul Ball, location: 2F
1-2: Fly out, F9 (Flyball, 9LM)
Batting: RHB Pedro Castillo 0-0: Ball
1-0: Called Strike
1-1: Ball
2-1: DOUBLE (Groundball, 5L)
Fernando Ramírez scores
Batting: LHB Carroll Martin 0-0: Called Strike
0-1: SINGLE (Line Drive, 9LS)
Pedro Castillo to third
Runner from 3rd tries for Home, SAFE, no throw
Batting: RHB Tomás Martínez 0-0: Swinging Strike
0-1: Fly out, F7 (Line Drive, 7D)
Bottom of the 8th over - 2 run(s), 2 hit(s), 1 error(s), 1 left on base; Detroit 11 - Richardson City 5
TOP OF THE 9TH
Detroit Renaissance batting - Pitching for Richardson City Thundercats : RHP Juan Cruz
Batting: SHB Valentín Guzmán 0-0: Ball
1-0: Called Strike
1-1: Swinging Strike
1-2: Strikes out swinging
Batting: RHB John Downing 0-0: Ball
1-0: Ball
2-0: Ball
3-0: Base on Balls
Batting: RHB Bernardo Herrera 0-0: Ball
1-0: Swinging Strike
1-1: Called Strike
1-2: Fielders Choice at 2nd, 2-4 (Groundball, 2L)
Batting: RHB Brent Ryan 0-0: Ball
1-0: 2-RUN HOME RUN (Flyball, 9D), Distance : 363 ft
Pitching: LHP Manuel Franco
Batting: RHB Ludwig Kluge 0-0: Swinging Strike
0-1: Ball
1-1: Called Strike
1-2: SINGLE (Line Drive, 8LS)
Batting: RHB Kenneth Noid 0-0: Called Strike
0-1: Foul Ball, location: 2F
0-2: Ball
Ludwig Kluge steals 2nd base
1-2: Ball
2-2: Ball
3-2: Fly out, F1 (Line Drive, 15S)
Top of the 9th over - 2 run(s), 2 hit(s), 0 error(s), 1 left on base; Detroit 13 - Richardson City 5
BOTTOM OF THE 9TH
Richardson City Thundercats batting - Pitching for Detroit Renaissance : RHP Cris Mendoza
Batting: LHB Terrence Eler 0-0: Ball
1-0: Ground out U3 (Groundball, 34S)
Batting: RHB Bruce Ingilby 0-0: Ball
1-0: Ball
2-0: Ground out 4-3 (Groundball, 4)
Batting: RHB Joey Jones 0-0: Called Strike
0-1: Ball
1-1: Foul Ball, location: 2F
1-2: Fly out, F8 (Flyball, 89M)
Bottom of the 9th over - 0 run(s), 0 hit(s), 0 error(s), 0 left on base; Detroit 13 - Richardson City 5
Monday, July 17th, 2017 - OOTP Baseball 17.12 Build 75